[Event "DVM U12 2024"]
[Site "Heidelberg"]
[Date "2024.12.29"]
[Round "5"]
[White "Dilger, Ludwig"]
[Black "Jahn, Gustav"]
[Result "0-1"]
[ECO "C01"]
[WhiteElo "1615"]
[BlackElo "1822"]
[Annotator "NA"]
[PlyCount "64"]
[EventDate "2024.12.23"]
[EventType "team-tourn"]
[EventRounds "7"]
[EventCountry "GER"]
[SourceTitle "playchess.com"]
[Source "ChessBase"]
[SourceQuality "1"]
[TimeControl "40/5400+30:1800+30"]

1. e4 e6 2. d4 d5 3. exd5 exd5 4. Nf3 Nc6 5. c4 Nf6 6. Nc3 Bb4 7. Bd3 Bg4 8. O-O Nxd4 9. Re1+ Be7 10. Qa4+ Bd7 11. Qd1 Nxf3+ 12. Qxf3 O-O 13. Nxd5 Nxd5 14. cxd5 Bf6 15. Qe4 g6 16. Bh6 Re8 17. Qb4 b6 18. Rab1 Re5 19. Rxe5 Bxe5 20. b3 Qf6 21. h4 Bd6 22. Bg5 Qe5 23. Qe4 Qh2+ 24. Kf1 Re8 25. Qxe8+ Bxe8 26. Re1 Bd7 27. Re3 Qh1+ 28. Ke2 Bg4+ 29. Kd2 Qd1+ 30. Kc3 Qa1+ 31. Kd2 Bb4+ 32. Kc2 Bd1# 0-1

[Event "DVM U12 2024"]
[Site "Heidelberg"]
[Date "2024.12.29"]
[Round "5"]
[White "Sriram, Aumkar"]
[Black "Boroshnev, Dmytro"]
[Result "0-1"]
[ECO "B40"]
[WhiteElo "1610"]
[BlackElo "1627"]
[Annotator "NA"]
[PlyCount "78"]
[EventDate "2024.12.23"]
[EventType "team-tourn"]
[EventRounds "7"]
[EventCountry "GER"]
[SourceTitle "playchess.com"]
[Source "ChessBase"]
[SourceQuality "1"]
[TimeControl "40/5400+30:1800+30"]

1. e4 c5 2. Nf3 d6 3. g3 Nf6 4. d3 e6 5. Bg2 Be7 6. Nc3 Nbd7 7. b3 Rb8 8. Bb2 a6 9. Qe2 Qc7 10. O-O O-O 11. Rfe1 e5 12. Nd5 Nxd5 13. exd5 f5 14. c3 Bf6 15. b4 b6 16. a4 Bb7 17. bxc5 bxc5 18. c4 Ba8 19. Bc1 e4 20. Ng5 Bxa1 21. Ne6 Qc8 22. Nxf8 Qxf8 23. dxe4 Bc3 24. Rd1 Re8 25. Qc2 Bd4 26. exf5 Qf6 27. h4 h6 28. Bf4 Bb7 29. Qb3 Bc8 30. a5 Ne5 31. Qb8 Nxc4 32. Qc7 Bxf5 33. Rc1 Ne5 34. Qb7 Nd3 35. Rd1 Nxf2 36. Rf1 Nd3+ 37. Kh2 Nxf4 38. gxf4 Qxh4+ 39. Bh3 Qxh3# 0-1

[Event "DVM U12 2024"]
[Site "Heidelberg"]
[Date "2024.12.29"]
[Round "5"]
[White "Pflugbeil, Julian"]
[Black "Martin Fernandez, Felix"]
[Result "0-1"]
[ECO "D00"]
[WhiteElo "1586"]
[BlackElo "1624"]
[Annotator "NA"]
[PlyCount "116"]
[EventDate "2024.12.23"]
[EventType "team-tourn"]
[EventRounds "7"]
[EventCountry "GER"]
[SourceTitle "playchess.com"]
[Source "ChessBase"]
[SourceQuality "1"]
[TimeControl "40/5400+30:1800+30"]

1. d4 Nf6 2. Nc3 d5 3. g3 c5 4. Bg2 cxd4 5. Qxd4 Nc6 6. Qd1 e6 7. Nf3 Be7 8. O-O O-O 9. Bf4 a6 10. Nd4 Nh5 11. e3 Nxf4 12. exf4 Bf6 13. Nf3 b5 14. a3 Na5 15. Ne5 Nc4 16. Nxc4 bxc4 17. Qf3 Rb8 18. Rab1 Bb7 19. Rfd1 Qa5 20. Ne2 d4 21. Qg4 Bxg2 22. Kxg2 Qd5+ 23. Qf3 Qxf3+ 24. Kxf3 Rfd8 25. Ke4 d3 26. cxd3 cxd3 27. b4 dxe2 28. Re1 Rbc8 29. Rxe2 Rc3 30. Re3 Rxe3+ 31. fxe3 Kf8 32. g4 h6 33. a4 Rd6 34. Rc1 Rb6 35. Rc4 Ke8 36. Kd3 g5 37. f5 exf5 38. gxf5 Be5 39. h3 Ke7 40. Ke4 Kf6 41. b5 axb5 42. axb5 Rxb5 43. Rc6+ Kg7 44. Kf3 f6 45. Re6 Kf7 46. Ra6 h5 47. Ra7+ Ke8 48. Ra4 Kd7 49. h4 g4+ 50. Ke4 Kd6 51. Ra6+ Kc5 52. Kd3 Rb2 53. e4 g3 54. Ra8 g2 55. Rc8+ Kd6 56. Rc1 Bh2 57. Rd1 g1=Q 58. Kc4+ Qxd1 0-1

[Event "DVM U12 2024"]
[Site "Heidelberg"]
[Date "2024.12.29"]
[Round "5"]
[White "Tomovski, Leon"]
[Black "Rogner, Alexander Luis"]
[Result "0-1"]
[ECO "C50"]
[WhiteElo "1569"]
[BlackElo "1674"]
[Annotator "NA"]
[PlyCount "92"]
[EventDate "2024.12.23"]
[EventType "team-tourn"]
[EventRounds "7"]
[EventCountry "GER"]
[SourceTitle "playchess.com"]
[Source "ChessBase"]
[SourceQuality "1"]
[TimeControl "40/5400+30:1800+30"]

1. e4 e5 2. Nf3 Nc6 3. Bc4 Bc5 4. O-O Nf6 5. Nc3 d6 6. h3 O-O 7. d3 h6 8. Be3 Bb6 9. Qd2 Be6 10. Bb3 Qe7 11. Nd5 Bxd5 12. Bxd5 Nxd5 13. exd5 Nd8 14. d4 e4 15. Nh2 f5 16. f3 c6 17. dxc6 Nxc6 18. fxe4 Qxe4 19. c3 Qe6 20. Rf3 d5 21. Re1 Qg6 22. Bf4 Kh7 23. Rg3 Qf6 24. Nf3 Rg8 25. Ne5 g5 26. Nd7 Qd8 27. Nxb6 axb6 28. Be5 Nxe5 29. dxe5 Qe7 30. Rd3 Qc5+ 31. Kh1 Rad8 32. e6 Rge8 33. b4 Qd6 34. Qf2 Kg6 35. g4 f4 36. Qc2 Kf6 37. Rd4 Rxe6 38. Qf5+ Ke7 39. Qh7+ Kf8 40. Qh8+ Kf7 41. Qh7+ Kf8 42. Red1 Qe5 43. Rxd5 Rxd5 44. Rxd5 Qe1+ 45. Kg2 Re2+ 46. Kf3 Qf2# 0-1

[Event "DVM U12 2024"]
[Site "Heidelberg"]
[Date "2024.12.29"]
[Round "5"]
[White "Liu, Zichen"]
[Black "Cetinalp, Poyraz"]
[Result "1-0"]
[ECO "B30"]
[WhiteElo "1563"]
[BlackElo "1530"]
[Annotator "NA RC"]
[PlyCount "117"]
[EventDate "2024.12.23"]
[EventType "team-tourn"]
[EventRounds "7"]
[EventCountry "GER"]
[SourceTitle "playchess.com"]
[Source "ChessBase"]
[SourceQuality "1"]
[TimeControl "40/5400+30:1800+30"]

1. e4 c5 2. Nf3 Nc6 3. Bb5 Nf6 4. Nc3 d6 5. Bxc6+ bxc6 6. d3 e5 7. Bg5 g6 8. O-O Bg7 9. h3 O-O 10. Qd2 Re8 11. Bh6 d5 12. Bxg7 Kxg7 13. Rfe1 d4 14. Ne2 a5 15. a4 c4 16. Ng3 cxd3 17. cxd3 h6 18. Rec1 Qd6 19. Rab1 c5 20. b3 Be6 21. Rb2 Nd7 22. Nh4 Rf8 23. Rf1 f5 24. f4 Qc7 25. fxe5 Qxe5 26. Qf4 fxe4 27. Qxe5+ Nxe5 28. Rxf8 Rxf8 29. dxe4 d3 30. Nf1 Rf4 31. Nf3 Nxf3+ 32. gxf3 Rxf3 33. Nd2 Rxh3 34. Kg2 Re3 35. Kf2 Re2+ 36. Kf3 Bxb3 37. Rxb3 Rxd2 38. e5 Kf7 39. Ke4 Rd1 40. Kd5 d2 41. e6+ Kf6 42. Rf3+ Kg5 43. Rd3 Kf6 44. Rf3+ Ke7 45. Rf7+ Ke8 46. Rf2 h5 47. Kd6 Rb1 48. Rxd2 h4 49. Ke5 Re1+ 50. Kf6 Rf1+ 51. Ke5 Rf5+ 52. Kd6 g5 53. Rb2 Kf8 54. Rb8+ Kg7 55. e7 c4 56. e8=Q c3 57. Qh8+ Kg6 58. Rg8+ Kf7 59. Qg7# 1-0

[Event "DVM U12 2024"]
[Site "Heidelberg"]
[Date "2024.12.29"]
[Round "5"]
[White "Tuktamyshev, Timur"]
[Black "Rudnizki, Valentin"]
[Result "1-0"]
[ECO "B33"]
[WhiteElo "1531"]
[BlackElo "1448"]
[Annotator "NA"]
[PlyCount "111"]
[EventDate "2024.12.23"]
[EventType "team-tourn"]
[EventRounds "7"]
[EventCountry "GER"]
[SourceTitle "playchess.com"]
[Source "ChessBase"]
[SourceQuality "1"]
[TimeControl "40/5400+30:1800+30"]

1. e4 c5 2. Nf3 Nc6 3. d4 cxd4 4. Nxd4 e5 5. Nb5 d6 6. N1c3 Nf6 7. Bg5 Be7 8. Bxf6 gxf6 9. Nd5 O-O 10. Nxe7+ Qxe7 11. Qxd6 Qxd6 12. Nxd6 Rd8 13. O-O-O Nd4 14. Nb5 Be6 15. Nxd4 exd4 16. Bd3 Rac8 17. Rhe1 Bxa2 18. e5 fxe5 19. Rxe5 Kg7 20. Ra5 Bd5 21. Rxa7 Bc6 22. Ra5 b6 23. Rg5+ Kh6 24. f4 Rd5 25. Rxd5 Bxd5 26. g3 Bc6 27. Bf5 Rd8 28. c3 d3 29. Rxd3 Re8 30. Rd6+ Kg7 31. Rxc6 Re1+ 32. Kd2 Rh1 33. h3 Rh2+ 34. Kc1 Rh1+ 35. Kc2 Rh2+ 36. Kb3 Rg2 37. g4 Rf2 38. Rc4 Rh2 39. g5 b5 40. Re4 b4 41. Rxb4 f6 42. Rb7+ Kf8 43. gxf6 Re2 44. Bxh7 Re8 45. Bg6 Ra8 46. f7 Rc8 47. Rb6 Kg7 48. Re6 Rb8+ 49. Kc2 Rb7 50. Re8 Kxg6 51. f8=Q Kh5 52. Re6 Kh4 53. Qf5 Kg3 54. Qg4+ Kf2 55. Re2+ Kf1 56. Qg2# 1-0

[Event "DVM U12 2024"]
[Site "Heidelberg"]
[Date "2024.12.29"]
[Round "5"]
[White "Satti, Shahroz"]
[Black "Kesavan, Sarvesh"]
[Result "0-1"]
[ECO "D11"]
[WhiteElo "1525"]
[BlackElo "1721"]
[Annotator "NA RC"]
[PlyCount "140"]
[EventDate "2024.12.23"]
[EventType "team-tourn"]
[EventRounds "7"]
[EventCountry "GER"]
[SourceTitle "playchess.com"]
[Source "ChessBase"]
[SourceQuality "1"]
[TimeControl "40/5400+30:1800+30"]

1. d4 Nf6 2. Nf3 d5 3. g3 Bf5 4. Bg2 h6 5. O-O e6 6. Nbd2 Bd6 7. c4 c6 8. b3 O-O 9. Bb2 Nbd7 10. Re1 Re8 11. Nh4 Bh7 12. f4 Bc7 13. Bc3 Nb6 14. c5 Nc8 15. b4 Ne7 16. e3 Nf5 17. Nhf3 Nd7 18. a3 f6 19. Nb3 e5 20. Nfd2 exd4 21. Nxd4 Nxe3 22. Qf3 Nxg2 23. Qxg2 Rxe1+ 24. Rxe1 Nf8 25. N2b3 Qd7 26. Na5 Re8 27. Rxe8 Qxe8 28. Qd2 Bxa5 29. bxa5 Nd7 30. Bb4 Nf8 31. Kf1 Ne6 32. Qe3 Be4 33. Qd2 Nxd4 34. Qxd4 Qh5 35. Qf2 Qd1+ 36. Qe1 Qf3+ 37. Qf2 Qh1+ 38. Qg1 Qxg1+ 39. Kxg1 Kf7 40. Kf2 Ke6 41. g4 d4 42. Ke2 Kd5 43. h3 Kc4 44. Kd2 g5 45. fxg5 fxg5 46. Ke2 Bg2 47. Kf2 Bxh3 48. Kf3 d3 49. Kg3 Kb3 50. Kf3 Kc2 51. Ke3 Bxg4 52. Bd2 h5 53. Bb4 h4 54. Be1 h3 55. Kf2 d2 56. Bxd2 Kxd2 57. Kg3 Bc8 58. Kh2 Kc3 59. Kg3 Kc4 60. Kh2 Kxc5 61. Kg3 Kb5 62. Kh2 c5 63. Kh1 c4 64. Kg1 c3 65. Kf1 c2 66. Ke2 c1=Q 67. Kf2 h2 68. Kg2 Qe1 69. a4+ Kxa5 70. Kf3 h1=B# 0-1

[Event "DVM U12 2024"]
[Site "Heidelberg"]
[Date "2024.12.29"]
[Round "5"]
[White "Tiuca, Emma"]
[Black "Kuhns, David"]
[Result "1-0"]
[ECO "C78"]
[WhiteElo "1472"]
[BlackElo "1904"]
[Annotator "NA"]
[PlyCount "89"]
[EventDate "2024.12.23"]
[EventType "team-tourn"]
[EventRounds "7"]
[EventCountry "GER"]
[SourceTitle "playchess.com"]
[Source "ChessBase"]
[SourceQuality "1"]
[TimeControl "40/5400+30:1800+30"]

1. e4 e5 2. Nf3 Nc6 3. Bb5 a6 4. Ba4 Nf6 5. O-O d5 6. Nxe5 Bd7 7. Nxd7 Qxd7 8. e5 Ne4 9. d4 f6 10. Bf4 g5 11. Be3 O-O-O 12. f3 fxe5 13. fxe4 exd4 14. Bxd4 Rg8 15. c3 b5 16. Bb3 Nxd4 17. cxd4 c6 18. exd5 cxd5 19. Nd2 Bg7 20. Rc1+ Kb8 21. Nf3 g4 22. Ne5 Bxe5 23. dxe5 Qa7+ 24. Kh1 Rg6 25. Rf6 Qd7 26. Qd4 g3 27. h3 Rc8 28. Qb6+ Qb7 29. Rxc8+ Kxc8 30. Rf8+ Kd7 31. Qxb7+ Ke6 32. Re8+ Kf5 33. Bc2+ Kf4 34. Qf7+ Ke3 35. Bxg6 hxg6 36. Qa7+ Ke2 37. Qd4 b4 38. b3 a5 39. Rg8 a4 40. bxa4 b3 41. axb3 g5 42. Rxg5 Ke1 43. e6 Ke2 44. Re5+ Kf1 45. Qg1# 1-0

[Event "DVM U12 2024"]
[Site "Heidelberg"]
[Date "2024.12.29"]
[Round "5"]
[White "Kurakin, Martin"]
[Black "Winklmann, Alexander"]
[Result "0-1"]
[ECO "C45"]
[WhiteElo "1389"]
[BlackElo "1593"]
[Annotator "NA"]
[PlyCount "94"]
[EventDate "2024.12.23"]
[EventType "team-tourn"]
[EventRounds "7"]
[EventCountry "GER"]
[SourceTitle "playchess.com"]
[Source "ChessBase"]
[SourceQuality "1"]
[TimeControl "40/5400+30:1800+30"]

1. e4 e5 2. Nf3 Nc6 3. d4 exd4 4. Nxd4 Bc5 5. Nb3 Bb6 6. Nc3 Nf6 7. Bf4 O-O 8. Qd2 Re8 9. f3 d5 10. Bg5 dxe4 11. Qxd8 Nxd8 12. fxe4 Nxe4 13. Nxe4 Rxe4+ 14. Kd2 Nc6 15. Bd3 Rg4 16. Rhe1 Rxg2+ 17. Kc3 Be6 18. Be3 Bxb3 19. Bxb6 axb6 20. cxb3 Rxh2 21. Re3 Rh5 22. Rae1 g6 23. Re8+ Rxe8 24. Rxe8+ Kg7 25. Rc8 Rc5+ 26. Kd2 Nb4 27. Be4 Nxa2 28. Bxb7 Nb4 29. Be4 f5 30. Bb1 h5 31. Re8 Kf6 32. Re2 g5 33. Ke3 Re5+ 34. Kf3 Rxe2 35. Kxe2 g4 36. Kf2 Kg5 37. Kg1 Kf4 38. Bxf5 Kxf5 39. Kf1 Kf4 40. Kf2 g3+ 41. Kg2 Kg4 42. Kg1 h4 43. Kg2 h3+ 44. Kg1 Nd5 45. b4 h2+ 46. Kh1 Kh3 47. b3 g2# 0-1

[Event "DVM U12 2024"]
[Site "Heidelberg"]
[Date "2024.12.29"]
[Round "5"]
[White "Buff, Hannes"]
[Black "Lieberknecht, Pascal"]
[Result "0-1"]
[ECO "C01"]
[WhiteElo "1370"]
[BlackElo "1212"]
[Annotator "NA"]
[PlyCount "72"]
[EventDate "2024.12.23"]
[EventType "team-tourn"]
[EventRounds "7"]
[EventCountry "GER"]
[SourceTitle "playchess.com"]
[Source "ChessBase"]
[SourceQuality "1"]
[TimeControl "40/5400+30:1800+30"]

1. e4 e6 2. d4 d5 3. exd5 exd5 4. Nf3 Nf6 5. Bg5 Bg4 6. h3 Bh5 7. Nbd2 Bd6 8. Qe2+ Qe7 9. Qxe7+ Bxe7 10. g4 Bg6 11. O-O-O Nc6 12. Bb5 O-O 13. Bxc6 bxc6 14. Ne5 a5 15. Nxc6 Bb4 16. a4 Bxd2+ 17. Rxd2 Ne4 18. Be7 Rfe8 19. Re2 Ra6 20. Ne5 Rxe7 21. Nxg6 fxg6 22. Rhe1 Rae6 23. h4 Nc5 24. Rxe6 Nxe6 25. Kd2 Kf7 26. c3 c5 27. b4 cxb4 28. cxb4 axb4 29. Ra1 Nxd4 30. Kd3 Nb3 31. Ra2 Na5 32. f3 Ke6 33. Kd4 Kd6 34. h5 g5 35. Rc2 Re8 36. Rc5 Nb3+ 0-1

[Event "DVM U12 2024"]
[Site "Heidelberg"]
[Date "2024.12.29"]
[Round "5"]
[White "Hübler, Lennis"]
[Black "Gilcher, Tamino"]
[Result "1-0"]
[ECO "B01"]
[WhiteElo "1261"]
[BlackElo "1395"]
[Annotator "NA"]
[PlyCount "111"]
[EventDate "2024.12.23"]
[EventType "team-tourn"]
[EventRounds "7"]
[EventCountry "GER"]
[SourceTitle "playchess.com"]
[Source "ChessBase"]
[SourceQuality "1"]
[TimeControl "40/5400+30:1800+30"]

1. e4 d5 2. exd5 Qxd5 3. Nc3 Qa5 4. d4 c6 5. Nf3 Bg4 6. Be2 Nd7 7. Bd2 Ngf6 8. O-O e6 9. Re1 Bd6 10. Nb5 Bb4 11. Bxb4 Qxb4 12. Nc7+ Ke7 13. Nxa8 Rxa8 14. Ne5 Bf5 15. b3 Rd8 16. Qc1 Qxd4 17. Nxd7 Nxd7 18. Qg5+ Ke8 19. Rad1 Qc3 20. Bd3 Bxd3 21. cxd3 Nb6 22. Qd2 Qf6 23. Re3 Kf8 24. Rf3 Qd4 25. h3 Nd5 26. Re1 Re8 27. Re4 Qb6 28. Qg5 h6 29. Qd2 Nf6 30. Qb4+ Qxb4 31. Rxb4 b6 32. Rc4 c5 33. d4 cxd4 34. Rxd4 Nd5 35. b4 Rc8 36. Ra3 Nc3 37. Rd7 Nb5 38. Rb3 Ke8 39. Rb7 Rc2 40. a4 Nd4 41. Rd3 Nc6 42. b5 Ne5 43. Rd4 Rc1+ 44. Kh2 Rc2 45. Kg3 Rc3+ 46. f3 Rd3 47. Rxd3 Nxd3 48. Rxa7 Ne5 49. a5 Kd8 50. axb6 Kc8 51. Kf4 Nd7 52. Rc7+ Kd8 53. Ke4 f5+ 54. Kd4 g5 55. Rxd7+ Kxd7 56. Ke5 1-0

[Event "DVM U12 2024"]
[Site "Heidelberg"]
[Date "2024.12.29"]
[Round "5"]
[White "Xanthopoulos, Panagiotis"]
[Black "Libert, Nick"]
[Result "1/2-1/2"]
[ECO "C58"]
[WhiteElo "1104"]
[BlackElo "1548"]
[Annotator "NA"]
[PlyCount "98"]
[EventDate "2024.12.23"]
[EventType "team-tourn"]
[EventRounds "7"]
[EventCountry "GER"]
[SourceTitle "playchess.com"]
[Source "ChessBase"]
[SourceQuality "1"]
[TimeControl "40/5400+30:1800+30"]

1. e4 e5 2. Nf3 Nc6 3. Bc4 Nf6 4. Ng5 d5 5. exd5 Na5 6. Bb3 Nxb3 7. axb3 Qxd5 8. Nf3 Bd6 9. Nc3 Qc6 10. d3 h6 11. Be3 Be6 12. O-O Bg4 13. Re1 Bxf3 14. Qxf3 Qxf3 15. gxf3 O-O 16. Rxa7 Rxa7 17. Bxa7 b6 18. Nb5 Nd7 19. c4 f6 20. f4 Ra8 21. fxe5 fxe5 22. Kg2 Kf7 23. Kf3 Ke6 24. d4 Kf5 25. dxe5 Bxe5 26. b4 c6 27. Rd1 Nf6 28. Nd6+ Bxd6 29. Rxd6 Rxa7 30. Rxc6 Rb7 31. c5 bxc5 32. bxc5 Rxb2 33. Rb6 Rc2 34. c6 Ke5 35. h4 Rc3+ 36. Kg2 Nh5 37. Rb5+ Kd6 38. Rxh5 Rxc6 39. Kf3 Ke6 40. Kg4 Kf6 41. Rf5+ Kg6 42. h5+ Kh7 43. Rf7 Rc4+ 44. f4 Ra4 45. Kg3 Ra3+ 46. Kg4 Ra4 47. Kg3 Ra3+ 48. Kg4 Ra4 49. Kg3 Ra3+ 1/2-1/2

[Event "DVM U12 2024"]
[Site "Heidelberg"]
[Date "2024.12.29"]
[Round "5"]
[White "Birkoben, Georgi"]
[Black "Moritz, Jakob"]
[Result "1-0"]
[ECO "C43"]
[WhiteElo "1062"]
[BlackElo "859"]
[Annotator "NA"]
[PlyCount "90"]
[EventDate "2024.12.23"]
[EventType "team-tourn"]
[EventRounds "7"]
[EventCountry "GER"]
[SourceTitle "playchess.com"]
[Source "ChessBase"]
[SourceQuality "1"]
[TimeControl "40/5400+30:1800+30"]

1. e4 e5 2. Nf3 Nf6 3. d4 exd4 4. e5 Ng4 5. Qxd4 d6 6. h3 Nc6 7. Qd5 Nb4 8. Qb5+ Nc6 9. hxg4 Bxg4 10. Be2 dxe5 11. Nc3 Qc8 12. Nxe5 Bxe2 13. Qxe2 Nxe5 14. Qxe5+ Qe6 15. Qxe6+ fxe6 16. Nb5 Bd6 17. Nxd6+ cxd6 18. Be3 a6 19. O-O-O Kd7 20. f4 h6 21. Bd4 Rag8 22. g4 Rh7 23. Rhe1 Rf8 24. Rf1 g5 25. fxg5 Rxf1 26. Rxf1 hxg5 27. Be3 Rh4 28. Rg1 Rh3 29. Bxg5 e5 30. Bd2 d5 31. c3 b5 32. a3 e4 33. Kd1 Kc6 34. g5 Kc5 35. g6 Rh8 36. g7 Rg8 37. Bh6 d4 38. cxd4+ Kxd4 39. Rf1 Rd8 40. Ke2 Rg8 41. Rf8 Rxg7 42. Bxg7+ Kc4 43. Ra8 b4 44. axb4 e3 45. Rxa6 Kb5 1-0

[Event "DVM U12 2024"]
[Site "Heidelberg"]
[Date "2024.12.29"]
[Round "5"]
[White "Liu, Miran"]
[Black "Podousov, Andrii"]
[Result "0-1"]
[ECO "C50"]
[WhiteElo "962"]
[BlackElo "1105"]
[Annotator "NA"]
[PlyCount "164"]
[EventDate "2024.12.23"]
[EventType "team-tourn"]
[EventRounds "7"]
[EventCountry "GER"]
[SourceTitle "playchess.com"]
[Source "ChessBase"]
[SourceQuality "1"]
[TimeControl "40/5400+30:1800+30"]

1. e4 e5 2. Nf3 Nc6 3. Bc4 Bc5 4. Nc3 Nf6 5. d3 h6 6. O-O d6 7. h3 O-O 8. Re1 Be6 9. Bxe6 fxe6 10. Be3 Bb6 11. Qd2 Nd4 12. Bxd4 exd4 13. Ne2 c5 14. Nf4 e5 15. Ne6 Ba5 16. c3 Qb6 17. Nxf8 Rxf8 18. Qe2 dxc3 19. bxc3 Bxc3 20. Rab1 Qa6 21. Rec1 Bb4 22. Nd2 Qxa2 23. Rd1 d5 24. Ra1 Qb2 25. Kf1 Bc3 26. Rac1 d4 27. Nf3 Qxe2+ 28. Kxe2 Re8 29. Rb1 b6 30. Nd2 Nh5 31. g3 Nf6 32. Rb3 Nd7 33. Ra3 Ra8 34. Nb1 Bb4 35. Ra4 a5 36. Na3 Nf6 37. Nc4 b5 38. Ra2 bxc4 39. dxc4 Nd7 40. Rf1 Nb6 41. Kd3 Rf8 42. f3 g5 43. g4 Kg7 44. Rff2 Kg6 45. Ra1 h5 46. Rh1 a4 47. Ra1 Ra8 48. Raa2 a3 49. Rf1 Na4 50. Raa1 Nc3 51. Rf2 a2 52. Rg2 Ra3 53. Rb2 Nd1+ 54. Kc2 Nxb2 55. Kxb2 Ra8 56. Rxa2 Rxa2+ 57. Kxa2 h4 58. Kb2 Kf6 59. Kc2 Ke6 60. Kb3 d3 61. Kb2 d2 62. Kc2 Kd6 63. Kd1 Kc6 64. Kc2 Kb6 65. Kd1 Ka5 66. Kc2 Ka4 67. Kd1 Kb3 68. f4 exf4 69. e5 Ba5 70. e6 Bd8 71. e7 Bxe7 72. Ke2 Kxc4 73. Kxd2 Kd4 74. Ke2 c4 75. Kd2 f3 76. Ke1 Kd3 77. Kd1 f2 78. Kc1 f1=Q+ 79. Kb2 c3+ 80. Kb3 Qb1+ 81. Ka4 Kc4 82. Ka5 Qb5# 0-1

[Event "DVM U12 2024"]
[Site "Heidelberg"]
[Date "2024.12.29"]
[Round "5"]
[White "Capurro, Mateo"]
[Black "Ramayanam, Nithya"]
[Result "1/2-1/2"]
[ECO "B72"]
[WhiteElo "956"]
[BlackElo "1566"]
[Annotator "NA"]
[PlyCount "110"]
[EventDate "2024.12.23"]
[EventType "team-tourn"]
[EventRounds "7"]
[EventCountry "GER"]
[SourceTitle "playchess.com"]
[Source "ChessBase"]
[SourceQuality "1"]
[TimeControl "40/5400+30:1800+30"]

1. e4 c5 2. Nf3 d6 3. Nc3 Nf6 4. d4 cxd4 5. Nxd4 g6 6. Be3 Bg7 7. Bd3 O-O 8. O-O Nc6 9. h3 Bd7 10. Nf3 Be6 11. Nd4 Nxd4 12. Bxd4 d5 13. Bxf6 Bxf6 14. exd5 Bxd5 15. Nxd5 Qxd5 16. c3 Rad8 17. Be2 Qe4 18. Qe1 Qc2 19. Rb1 Qa4 20. a3 Qf4 21. Qc1 Qxc1 22. Rfxc1 Rd2 23. Bf3 Bg5 24. Rd1 Rxd1+ 25. Rxd1 e6 26. c4 b6 27. a4 Rc8 28. b3 Rd8 29. Rxd8+ Bxd8 30. Kf1 Kf8 31. Ke2 Ke7 32. Kd3 Kd6 33. b4 Bf6 34. Be4 Bg7 35. f4 f6 36. g3 f5 37. Bf3 e5 38. fxe5+ Kxe5 39. c5 Bf8 40. cxb6 axb6 41. Kc4 Bd6 42. a5 bxa5 43. bxa5 Ke6 44. a6 Bb8 45. Kc5 Ba7+ 46. Kc6 Kf6 47. Kb7 Bf2 48. a7 Bxa7 49. Kxa7 Kg5 50. h4+ Kh6 51. Kb6 g5 52. Kc5 f4 53. hxg5+ Kxg5 54. gxf4+ Kxf4 55. Bd1 Ke5 1/2-1/2

[Event "DVM U12 2024"]
[Site "Heidelberg"]
[Date "2024.12.29"]
[Round "5"]
[White "Hübler, Leonas"]
[Black "Classen, Meara"]
[Result "1-0"]
[ECO "C01"]
[WhiteElo "920"]
[BlackElo "1456"]
[Annotator "NA"]
[PlyCount "183"]
[EventDate "2024.12.23"]
[EventType "team-tourn"]
[EventRounds "7"]
[EventCountry "GER"]
[SourceTitle "playchess.com"]
[Source "ChessBase"]
[SourceQuality "1"]
[TimeControl "40/5400+30:1800+30"]

1. e4 e6 2. Nc3 d5 3. exd5 exd5 4. d4 Nf6 5. Nf3 Be7 6. Bf4 O-O 7. Be2 c6 8. h3 Re8 9. O-O Bf5 10. Re1 Nbd7 11. a3 Rc8 12. Rb1 Ne4 13. Nxe4 Bxe4 14. Bd3 Nf6 15. Bxe4 Nxe4 16. Nd2 Nxd2 17. Qxd2 Bd6 18. Rxe8+ Qxe8 19. Bxd6 Rd8 20. Bf4 h6 21. Qa5 Ra8 22. Re1 Qd7 23. Qc7 Qxc7 24. Bxc7 Rc8 25. Bg3 Kf8 26. Bd6+ Kg8 27. Re7 Rd8 28. Bg3 b6 29. Rxa7 c5 30. dxc5 bxc5 31. Rc7 c4 32. Ra7 d4 33. a4 d3 34. cxd3 cxd3 35. Bf4 Rd4 36. Bd2 Rc4 37. Kf1 Rc2 38. Ke1 Rxb2 39. Kd1 Ra2 40. a5 f6 41. Rd7 Ra1+ 42. Bc1 Rxa5 43. Rxd3 Ra2 44. Ke1 Ra1 45. Rc3 Kf7 46. Rc5 Ke6 47. Ke2 Ra2+ 48. Kf3 Kd6 49. Rh5 Ra1 50. Be3 Ra4 51. Bxh6 Ra3+ 52. Be3 Ke6 53. Rh7 Kf7 54. Rh5 Kg6 55. Rb5 Kf7 56. Rb2 Ke6 57. Rb7 g6 58. Kg4 Ra4+ 59. f4 Ra3 60. Bd4 Ra2 61. g3 Rg2 62. Rb6+ Kd5 63. Bxf6 Kc5 64. Bd8 Rd2 65. Rxg6 Rxd8 66. Re6 Rg8+ 67. Kh4 Rh8+ 68. Kg4 Rg8+ 69. Kf3 Rd8 70. f5 Rd3+ 71. Kf4 Rd4+ 72. Kg5 Rd3 73. g4 Rxh3 74. f6 Rf3 75. Re5+ Kd6 76. Rf5 Rxf5+ 77. Kxf5 Kd7 78. Kg6 Ke8 79. Kg7 Kd7 80. f7 Ke6 81. f8=Q Ke5 82. Kh7 Ke6 83. g5 Ke5 84. g6 Ke6 85. g7 Ke5 86. g8=Q Ke4 87. Qe6+ Kd4 88. Qd8+ Kc5 89. Qec8+ Kb5 90. Qdd7+ Kb6 91. Qdb7+ Ka5 92. Qca8# 1-0